AoeStats
← Turbox

MegaRandom

520800982Analyzed
2v2 RM · 2d ago on Nov 13, 2026· 31m 32s· 4 players
Game mode
Random Map
Map size
Medium (4 player)
Population
200
Speed
Normal
Resources
Standard
Victory
Conquest
Starting age
Dark Age
Ending age
Imperial Age
RankedLock teamsTeams togetherTeam positionsShared explorationLock speedFull tech treeHidden civsTurbo modeCheats
Victory
Defeat
🇩🇪 Maya · Germany
1806
+12
🇨🇿 Lithuanians · Czechia
1522
+21
vs
🇨🇭 Burgundians · Switzerland
1713
-18
🇪🇸 Sicilians · Spain
1642
-15
CQ.MaSSa_V
0:33 Loom
11:13 Feudal Age
11:58 Double-Bit Axe
24:50 Castle Age
23:54 Gold Mining
25:49 Medium Warships
26:11 Bow Saw
26:49 Forging
26:47 Horse Collar
30:11 Demolition Ship
Williems
0:31 Loom
8:49 Double-Bit Axe
11:03 Feudal Age
13:17 Bow Saw
14:59 Horse Collar
19:13 Castle Age
18:05 Forging
19:04 Wheelbarrow
18:59 Scale Barding Armor
19:03 Town Watch
19:11 Gold Mining
19:14 Cavalier
20:53 Chain Barding Armor
25:09 Husbandry
25:53 Iron Casting
25:48 Husbandry
27:53 Town Watch
28:22 Heavy Plow
29:16 Hand Cart
33:11 Imperial Age
billybadbeat
0:26 Loom
10:52 Feudal Age
11:52 Double-Bit Axe
22:09 Castle Age
21:09 Gold Mining
21:13 Fishing Lines
21:27 Horse Collar
21:51 Fletching
23:05 Bodkin Arrow
23:14 Town Watch
24:08 Wheelbarrow
26:48 Gillnets
28:39 Forging
29:42 Medium Warships
Turbox
11:46 Feudal Age
12:35 Loom
15:50 Castle Age
15:09 Double-Bit Axe
17:00 Medium Warships
17:05 Bow Saw
20:05 Horse Collar
20:50 Town Watch
21:57 Heavy Plow
23:30 Pikeman
25:03 Scale Mail Armor
25:13 Forging
29:45 Chain Mail Armor
29:30 Padded Archer Armor
30:36 Iron Casting
30:40 Gold Mining
Connection lost

Rejoining the realm…

Still unreachable

The connection could not be restored.

Session expired

The server has moved on; the page needs a fresh start.